Map: 코스믹 사파이어

Players

NightMare

  • Race: Protoss Protoss
  • Spawn Location: 11:00

Nice - Winner!

  • Race: Protoss Protoss
  • Spawn Location: 5:00

Event: DreamHack SC2 Masters 2022 Atlanta (Offline)

VOD

Have the link to the VOD?

Description

Time

  • Played on: Nov. 18, 2022, 4:01 p.m.
  • Length: 5:32

All games in this series

Show
View Real Time Build Order
Export as new Build Order

NightMare Protoss 

Build Orders: Blink Stalkers 

Get SALT Encoding   

  12  0:00  Probe  
  13  0:12  Probe  
  14  0:18  Pylon  
  14  0:24  Probe (Chrono Boost)  
  15  0:36  Probe (Chrono Boost)  
  15  0:37  Gateway  
  16  0:45  Probe (Chrono Boost)  
  16  0:46  Assimilator  
  17  0:51  Probe  
  17  0:56  Assimilator  
  18  1:03  Probe  
  19  1:08  Gateway  
  19  1:15  Probe  
  20  1:24  Cybernetics Core  
  20  1:27  Probe  
  21  1:39  Probe  
  22  1:47  Pylon  
  22  1:51  Probe  
  23  1:56  Warp Gate (Chrono Boost)  
  23  2:05  Stalker x2  
  23  2:06  Probe  
  28  2:19  Pylon  
  28  2:35  Stalker  
  28  2:36  Stalker  
  32  2:56  Nexus  
  36  3:13  Probe  
  36  3:15  Twilight Council  
  36  3:17  Shield Battery  
  33  3:29  Adept x2  
  33  3:30  Probe  
  38  3:40  Pylon  
  38  3:42  Probe  
  38  3:46  Blink (Chrono Boost)  
  39  3:58  Probe  
  39  4:02  Sentry x2  
  42  4:03  Shield Battery  
  38  4:14  Probe  
  37  4:22  Probe  
  38  4:26  Probe, Stalker x2  
  43  4:34  Probe  
  43  4:38  Probe  
  45  4:42  Robotics Facility  
  45  4:47  Gateway  
  44  4:54  Stalker  
  44  4:58  Stalker  
  43  5:04  Gateway  
  43  5:13  Shield Battery  
  41  5:17  Stalker  
  41  5:22  Stalker  
Show
View Real Time Build Order
Export as new Build Order

Nice Protoss - Winner!

Build Orders: Blink Stalkers 

Get SALT Encoding   

  12  0:00  Probe  
  13  0:12  Probe  
  14  0:17  Pylon  
  14  0:24  Probe (Chrono Boost)  
  16  0:37  Probe (Chrono Boost)  
  16  0:38  Gateway  
  16  0:41  Probe (Chrono Boost)  
  16  0:46  Assimilator  
  17  0:53  Probe (Chrono Boost)  
  17  0:54  Assimilator  
  18  1:05  Probe (Chrono Boost)  
  18  1:07  Gateway  
  19  1:13  Probe (Chrono Boost)  
  20  1:19  Probe  
  20  1:25  Cybernetics Core  
  21  1:32  Probe  
  22  1:37  Pylon  
  22  1:44  Probe  
  23  2:01  Warp Gate, Stalker x2  
  27  2:08  Pylon  
  27  2:11  Probe  
  28  2:31  Twilight Council, Stalker  
  30  2:39  Stalker  
  32  2:46  Pylon  
  32  3:03  Gateway, Stalker  
  34  3:11  Stalker  
  35  3:13  Blink (Chrono Boost)  
  35  3:32  Gateway  
  35  3:53  Stalker x2  
  37  4:09  Stalker  
  34  4:28  Stalker x2  
  34  4:30  Pylon  
  38  4:35  Probe  
  38  4:36  Pylon  
  39  4:39  Pylon  
  38  4:59  Stalker x3  
  44  5:02  Stalker  
  46  5:13  Pylon  
Tags
 
Add a new tag
Caveats
  • Supply blocks, unpowered buildings, or Contaminate may cause inaccurate times.
  • Supply counts are checked every 10 seconds.